 Dungeon Crawl Stone Soup version 0.19.5 (webtiles) character file.

1548 HAWKINGL3623 the Grappler (level 8, -2/63 HPs)
             Began as a Purple Draconian Transmuter on Apr 11, 2017.
             Was a Believer of Yredelemnul.
             Slain by a wight
             ... wielding a +3 great sword
              (14 damage)
             ... on level 6 of the Dungeon.
             The game lasted 00:32:27 (6736 turns).

HAWKINGL3623 the Grappler (DrTm)                    Turns: 6736, Time: 00:32:28

Health: -2/63      AC:  9    Str: 17 (18) XL:     8   Next: 57%
Magic:  14/14      EV: 13    Int: 10 (14) God:    Yredelemnul [**....]
Gold:   185        SH:  0    Dex:  9 (11) Spells: 6 memorised, 1 level left

rFire  + . .     SeeInvis +       - Unarmed
rCold  + . .     Gourm    .     (armour unavailable)
rNeg   . . .     Faith    .     (no shield)
rPois  +         Spirit   .     (helmet restricted)
rElec  +         Reflect  .     h - +2 cloak
rCorr  +         Harm     .     (no gloves)
MR     ++...                    (no boots)
Stlth  +.........               (no amulet)
                                f - ring of see invisible
                                e - ring of protection from magic

@: mighty, short of breath, resistant, drained
A: breathe power, unfitting armour, big wings, stinger 1, talons 1,
deterioration 1, regeneration 1, weak 1, cold-blooded, AC +6
a: Breathe Dispelling Energy, Fly, Animate Remains, Recall Undead Slaves, Injury
Mirror, Renounce Religion


You were on level 6 of the Dungeon.
You worshipped Yredelemnul.
Yredelemnul was pleased with you.
You were not hungry.

You visited 2 branches of the dungeon, and saw 8 of its levels.

You collected 311 gold pieces.
You spent 126 gold pieces at shops.

Inventory:

Hand Weapons
 o - a +1 shortbow
Missiles
 a - 83 arrows
 d - 6 tomahawks of dispersal (quivered)
Armour
 h - a +2 cloak (worn)
Jewellery
 e - a ring of protection from magic (left hand)
 f - a ring of see invisible (right hand)
 p - a +5 ring of strength {unknown}
Wands
 l - a wand of paralysis (5/24)
Scrolls
 j - 2 scrolls of teleportation
 n - a scroll of enchant armour
 q - 2 scrolls of identify
Potions
 m - 2 potions of might
Books
 b - a book of Changes

   Spells                             Type                      Level
   a - Beastly Appendage              Transmutation                1
   b - Sticks to Snakes               Transmutation                2
   c - Spider Form                    Transmutation/Poison         3
   d - Ice Form                       Ice/Transmutation            4
   e - Blade Hands                    Transmutation                5
 i - the Disquisition on Glacial Lightness
   (You found it on level 5 of the Dungeon)

   Spells                             Type                      Level
   a - Freeze                         Ice                          1
   b - Mephitic Cloud                 Conjuration/Poison/Air       3
   c - Silence                        Hexes/Air                    5
   d - Metabolic Englaciation         Hexes/Ice                    5
   e - Bolt of Cold                   Conjuration/Ice              6
Comestibles
 c - 3 bread rations
 g - 2 meat rations


   Skills:
 + Level 3.0(2.3) Fighting
 + Level 1.0(0.3) Bows
 + Level 0.1(0.0) Throwing
 + Level 4.7(4.0) Dodging
 + Level 1.8(1.1) Stealth
 + Level 8.0(7.2) Unarmed Combat
 + Level 4.2(3.5) Spellcasting
 + Level 4.0(3.2) Transmutations
 + Level 0.4(0.0) Ice Magic


You had one spell level left.
You knew the following spells:

 Your Spells              Type           Power        Failure   Level  Hunger
a - Beastly Appendage     Tmut           #.....       10%         1    #......
b - Sticks to Snakes      Tmut           #.......     12%         2    ###....
c - Spider Form           Tmut/Pois      #.........   38%         3    ###....
d - Ice Form              Ice/Tmut       #.......     96%         4    #####..
e - Freeze                Ice            #...         30%         1    #......
f - Mephitic Cloud        Conj/Pois/Air  #.......     86%         3    ###....


Dungeon Overview and Level Annotations

Branches:
Dungeon (7/15)             Temple (1/1) D:6

Altars:
Ashenzari
Cheibriados
Dithmenos
Elyvilon
Fedhas
Gozag
Hepliaklqana
Kikubaaqudgha
Makhleb
Nemelex Xobeh
Okawaru
Qazlal
Ru
Sif Muna
Trog
Uskayaw
Vehumet
Xom
Yredelemnul
Zin
The Shining One

Shops:
D:7 ?

Annotations:
D:3 HeyBub's ghost, amateur MiMo
D:6 Pikel


Innate Abilities, Weirdness & Mutations

You can breathe bolts of dispelling energy.
Your rich purple scales are hard. (AC +6)
You cannot fit into any form of body armour.
You are cold-blooded and may be slowed by cold attacks.
Your large and strong wings let you fly indefinitely.
Your tail ends in a poisonous barb.
You have sharp toenails.
Your body sometimes deteriorates upon taking damage.
Your natural rate of healing is unusually fast.
You are weak. (Str -2)


Message History

The wight hits you but does no damage.
You hit the wight but do no damage.
The wight is lightly damaged.
The leopard gecko bites you but does no damage.
The orc warrior barely misses you.
The crimson imp blinks!
The wight hits you from afar with a halberd!
* * * LOW HITPOINT WARNING * * *
Your body deteriorates!
You feel weakened. The leopard gecko misses you.
Wield which item (- for none, * to show all)? (? for menu, Esc to quit)
Okay, then.
You feel protected. The wight hits you but does no damage.
The leopard gecko closely misses you. The orc warrior closely misses you.
The orc wizard gestures wildly while chanting.
The orc wizard blinks!
The wight barely misses you.
You feel very mighty all of a sudden.
The wight hits you with an enchanted great sword!
You die...
Your body rises from the dead as a mindless zombie.

***************,,,*,*
*****,,,,,,,,,,,,,,,,,*,*
,,,,,,******,,******,,*,*
***,,**,,,,****,,,,**,*,*
*,,*,*,**,**,,***,*,,,*
*,,*,*,,****,**,*,*,,**
*,,*,***,,**,*,##,#,,#
*,,*,*,**,**,##l#.#,.#
**,**,*,*****#@oJ#*..#
*,,***+* #z###...#
**,,,,,######z§...#.#
****,*#8!|8##z###..#
*,*8....8#Y#**.#*
*,+....$.zZ#*..# *****
*,+Z.....'.##.#*
,,,,****,*8....8#....#
***,**,,,*#8:[8##...##


You could see an orc warrior, a sky beast, a jelly, 3 wights, a centaur zombie
and a leopard gecko.

Vanquished Creatures
  A water moccasin (D:4)
  4 sky beasts
  A phantom (D:5)
  2 ogres
  A centaur (D:5)
  Blork the orc (D:4)
  A bullfrog (D:6)
  2 scorpions
  A crimson imp (D:5)
  A jelly (D:7)
  2 orc priests
  A hound (D:7)
  An orc wizard (D:6)
  Jessica (D:2)
  An iguana (D:6)
  2 worker ants (D:4)
  A hound skeleton (D:5)
  5 gnolls
  8 adders
  3 shadow imps (D:5)
  An ooze (D:1)
  An adder skeleton (D:4)
  2 worms
  2 dart slugs (D:2)
  3 leopard geckos
  3 orcs
  A ball python (D:2)
  12 bats
  5 giant cockroaches
  5 goblins
  2 hobgoblins
  6 jackals
  3 quokkas
  2 frilled lizards
  7 kobolds
  7 rats
102 creatures vanquished.

Vanquished Creatures (collateral kills)
  Ijyb (D:2)
  A leopard gecko (D:2)
  A goblin (D:1)
  A hobgoblin (D:1)
  A rat (D:1)
5 creatures vanquished.

Vanquished Creatures (others)
  A human zombie (D:2)
1 creature vanquished.

Grand Total: 108 creatures vanquished

Notes
Turn   | Place    | Note
-------+----------+-------------------------------------------
     0 | D:1      | HAWKINGL3623 the Draconian Transmuter began the quest for the Orb.
     0 | D:1      | Reached XP level 1. HP: 16/16 MP: 3/3
   177 | D:1      | Reached XP level 2. HP: 23/23 MP: 3/5
   233 | D:1      | Learned a level 2 spell: Sticks to Snakes
  1195 | D:2      | Found a burning altar of Makhleb.
  1197 | D:2      | Noticed a balrug
  1201 | D:2      | Noticed a hellwing
  1201 | D:2      | Noticed a smoke demon
  1266 | D:2      | Reached XP level 3. HP: 23/28 MP: 6/6
  1394 | D:2      | Found a faded altar of an unknown god.
  1585 | D:2      | Noticed Jessica
  1813 | D:2      | Became a worshipper of Yredelemnul the Dark
  1813 | D:2      | Reached * piety under Yredelemnul
  1829 | D:2      | Killed Jessica
  1829 | D:2      | Reached skill level 4 in Unarmed Combat
  1829 | D:2      | Reached XP level 4. HP: 20/35 MP: 5/7
  2091 | D:2      | Learned a level 3 spell: Spider Form
  2100 | D:2      | Noticed Ijyb
  2113 | D:2      | Your ally Jessica died
  2873 | D:3      | Gained mutation: You have sharp toenails. [potion of mutation]
  2873 | D:3      | Gained mutation: Your spells are a little harder to cast, but a little more powerful. [potion of mutation]
  2873 | D:3      | Lost mutation: Your spells are a little harder to cast, but a little more powerful. [potion of mutation]
  2877 | D:3      | Noticed HeyBub's ghost (amateur MiMo)
  2916 | D:2      | Killed Ijyb
  2916 | D:2      | Reached XP level 5. HP: 23/41 MP: 5/9
  3577 | D:3      | Gained mutation: You are weak. (Str -2) [potion of mutation]
  3577 | D:3      | Gained mutation: Your natural rate of healing is unusually fast. [potion of mutation]
  3577 | D:3      | Gained mutation: Your tail ends in a poisonous barb. [potion of mutation]
  3853 | D:4      | Noticed Blork the orc
  3865 | D:4      | Killed Blork the orc
  3865 | D:4      | Reached skill level 1 in Stealth
  4108 | D:4      | Reached XP level 6. HP: 48/48 MP: 10/10
  4448 | D:4      | Reached ** piety under Yredelemnul
  4454 | D:5      | Entered Level 5 of the Dungeon
  4457 | D:5      | Reached skill level 5 in Unarmed Combat
  4465 | D:5      | Noticed a sky beast
  4563 | D:6      | Noticed a sky beast
  4584 | D:6      | Killed a sky beast
  4590 | D:6      | Gained mutation: Your large and strong wings let you fly indefinitely. [mutagenic meat]
  5232 | D:4      | Your scales start taking on a rich purple colour.
  5232 | D:4      | Reached XP level 7. HP: 11/55 MP: 12/12
  5408 | D:5      | Reached skill level 6 in Unarmed Combat
  5460 | D:5      | Learned a level 4 spell: Ice Form
  5897 | D:5      | Reached XP level 8. HP: 62/62 MP: 13/13
  5933 | D:5      | Reached skill level 7 in Unarmed Combat
  5948 | D:5      | Gained mutation: Your body sometimes deteriorates upon taking damage. [mutagenic meat]
  5988 | D:5      | Identified the Disquisition on Glacial Lightness
  6043 | D:5      | Learned a level 1 spell: Freeze
  6047 | D:5      | Learned a level 3 spell: Mephitic Cloud
  6291 | D:6      | Noticed Pikel
  6349 | D:6      | Found a staircase to the Ecumenical Temple.
  6379 | D:7      | Found Weif's Magic Scroll Shoppe.
  6428 | D:7      | Bought a scroll of teleportation for 36 gold pieces
  6428 | D:7      | Bought a scroll of blinking for 90 gold pieces
  6471 | D:7      | Reached skill level 1 in Bows
  6526 | D:6      | Reached skill level 8 in Unarmed Combat
  6533 | Temple   | Entered the Ecumenical Temple
  6717 | D:6      | Found a large runed door.
  6717 | D:6      | Found a large runed door.
  6736 | D:6      | Slain by a wight

Skill      XL: |  1  2  3  4  5  6  7  8 |
---------------+-------------------------+-----
Dodging        | 2 3 4 |  4.7
Unarmed Combat | 4 5 6 8 |  8.0
Stealth        | 1 |  1.8
Transmutations | 3 4 |  4.0
Spellcasting   | 3 4 |  4.2
Fighting       | 2 3 |  3.0
Bows           | 1 |  1.0
Throwing       | |  0.1
Ice Magic      | |  0.4

Action                   |  1- 3 |  4- 6 |  7- 9 || total
-------------------------+-------+-------+-------++-------
Melee: Unarmed           |   141 |   253 |   209 ||   603
       Tailslap          |    11 |    23 |    23 ||    57
       Kick              |     8 |    43 |    44 ||    95
       Headbutt          |     5 |     5 |     6 ||    16
       Punch             |     1 |     4 |     3 ||     8
 Fire: Shortbow          |       |     6 |     3 ||     9
Throw: Tomahawk          |     1 |       |     1 ||     2
 Cast: Beastly Appendage |    17 |     8 |     2 ||    27
       Sticks to Snakes  |     4 |     6 |     2 ||    12
       Freeze            |       |       |     3 ||     3
Invok: Animate Remains   |       |     1 |       ||     1
 Abil: Breathe Dispellin |       |       |     3 ||     3
       Fly               |       |       |     1 ||     1
       Stop Flying       |       |       |     1 ||     1
  Use: Scroll            |     5 |     8 |     2 ||    15
       Potion            |     2 |     5 |     5 ||    12
 Stab: Sleeping          |       |     3 |     2 ||     5
       Distracted        |       |       |     1 ||     1
  Eat: Fruit             |     1 |     2 |       ||     3
       Chunk             |     3 |    10 |     7 ||    20
       Beef jerky        |       |       |     1 ||     1
       Bread ration      |       |       |     1 ||     1
Armor: Skin              |    48 |    92 |    95 ||   235
Dodge: Dodged            |    80 |   161 |   172 ||   413
